 Dungeon Crawl Stone Soup version 0.21.1-1-g345015fe64 (webtiles) character file.

978 Revguard the Shield-Bearer (level 8, -6/48 HPs)
             Began as a Gargoyle Fighter on June 9, 2018.
             Was an Initiate of Okawaru.
             Engulfed by a cloud of freezing vapour (11 damage)
             ... on level 6 of the Dungeon.
             The game lasted 00:24:28 (4399 turns).

Revguard the Shield-Bearer (Gargoyle Fighter)       Turns: 4399, Time: 00:24:29

Health: -6/48      AC: 19    Str: 20    XL:     8   Next: 17%
Magic:  8/8        EV:  9    Int: 10    God:    Okawaru [......]
Gold:   436        SH: 11    Dex: 15    Spells: 7/7 levels left

rFire    . . .     SeeInvis .   a - +0 war axe
rCold    . . .     Gourm    .   c - +1 shield
rNeg     + . .     Faith    .   n - +0 plate armour
rPois    ∞         Spirit   .   (no helmet)
rElec    +         Reflect  .   o - +0 cloak
rCorr    .         Harm     .   (no gloves)
MR       .....                  (no boots)
Stlth    ..........             (no amulet)
HPRegen  0.16/turn              e - ring of loudness (curse)
MPRegen  0.11/turn              (no ring)

@: agile
A: negative energy resistance 1, electricity resistance, unbreathing,
petrification resistance, rot immunity, AC +5
a: Renounce Religion


You were on level 6 of the Dungeon.
You worshipped Okawaru.
Okawaru was noncommittal.
You were not hungry.

You visited 2 branches of the dungeon, and saw 7 of its levels.

You collected 436 gold pieces.

Inventory:

Hand Weapons
 a - a +0 war axe (weapon)
Missiles
 x - 3 tomahawks of returning (quivered)
Armour
 b - a +0 scale mail
 c - a +1 shield (worn)
 n - a +0 plate armour (worn)
 o - a +0 cloak (worn)
Jewellery
 e - a cursed ring of loudness (left hand)
 h - an uncursed ring of protection from magic
 p - an uncursed ring of protection from fire
 r - a +5 ring of evasion
 u - a +5 ring of intelligence
 w - the ring of Videros {Fire Str+4}
   (You found it on level 5 of the Dungeon)

   [ring of fire]

   It enhances your fire magic.
   It affects your strength (+4).
   It protects you from fire.
   It makes you vulnerable to cold.
Wands
 v - a wand of flame (16)
Scrolls
 i - a scroll of magic mapping
 m - a scroll of teleportation
 s - a scroll of immolation
 t - a scroll of identify
Potions
 d - a potion of might
 g - 3 potions of ambrosia
 j - 2 potions of berserk rage
 k - 2 potions of brilliance
 l - a potion of cancellation
 q - a potion of flight
Comestibles
 f - 12 rations


   Skills:
 + Level 4.7 Fighting
 + Level 5.5 Axes
 - Level 0.3 Throwing
 + Level 5.0 Armour
 + Level 6.3 Shields
 * Level 1.0 Evocations


You had 7 spell levels left.
You didn't know any spells.

Dungeon Overview and Level Annotations

Branches:
Dungeon (6/15)             Temple (1/1) D:5

Altars:
Ashenzari
Cheibriados
Dithmenos
Elyvilon
Fedhas
Gozag
Hepliaklqana
Kikubaaqudgha
Makhleb
Nemelex Xobeh
Okawaru
Qazlal
Ru
Sif Muna
Trog
Vehumet
Wu Jian
Xom
Yredelemnul
Zin
The Shining One


Innate Abilities, Weirdness & Mutations

You are resistant to torment.
Your stone body is resilient. (AC +5)
You are immune to poison.
You resist negative energy. (rN+)
You are resistant to electric shocks. (rElec)
You can survive without breathing.
You are immune to petrification.
You are immune to rotting.


Message History

You slash the orc!
You kill the orc!
Okawaru accepts your kill.
Items here: )) [[ ††
Okay, then.
You open the door.
Really walk into a travel-excluded area?
There is an open door here.
You are engulfed in freezing vapours.
You are engulfed in freezing vapours.
You remove the ring of Videros {Fire Str+4}.
You are engulfed in freezing vapours.
You are engulfed in freezing vapours.
You are engulfed in freezing vapours.
* * * LOW HITPOINT WARNING * * *
It was a potion of agility.
You feel agile all of a sudden.
You are engulfed in freezing vapours.
You are engulfed in freezing vapours.
You die...

######### #.......#
#.......######################
#...............†.............
#........#####################
#........#$([$?..............#
#........###################.#
#..>.....#..§@§§§§§§§........#
#........#8'8#################
#........[....................
#.(....[####.#################
#.......# #... #.......# #####
......### ...... ......


There were no monsters in sight!

Vanquished Creatures
  Eustachio (D:4)
  The ghost of Evaline the Gusty, an amateur TeAE (D:5)
  A phantom (D:5)
  A centaur (D:5)
  A scorpion (D:6)
  A crimson imp (D:5)
  2 orc priests (D:4)
  Crazy Yiuf (D:2)
  A hound (D:5)
  3 orc wizards
  2 centaur skeletons (D:4)
  A worker ant (D:5)
  A howler monkey zombie (D:6)
  4 gnolls (D:4)
  5 adders
  An ooze (D:3)
  2 worms
  A dart slug (D:1)
  2 leopard geckos (D:1)
  14 orcs
  3 ball pythons (D:1)
  7 bats
  7 giant cockroaches
  6 hobgoblins
  13 jackals
  4 quokkas
  5 frilled lizards
  8 goblins
  5 kobolds
  7 rats
111 creatures vanquished.

Notes
Turn   | Place    | Note
-------+----------+-------------------------------------------
     0 | D:1      | Revguard the Gargoyle Fighter began the quest for the Orb.
     0 | D:1      | Reached XP level 1. HP: 14/14 MP: 1/1
   166 | D:1      | Reached XP level 2. HP: 18/19 MP: 2/2
   377 | D:1      | Reached XP level 3. HP: 19/23 MP: 3/3
   722 | D:2      | Found a faded altar of an unknown god.
  1026 | D:2      | Reached XP level 4. HP: 28/28 MP: 4/4
  1262 | D:2      | Found a runed door.
  1266 | D:2      | Noticed Crazy Yiuf
  1290 | D:2      | Killed Crazy Yiuf
  1290 | D:2      | Reached skill level 4 in Shields
  2240 | D:3      | Reached XP level 5. HP: 33/33 MP: 5/5
  2441 | D:4      | Noticed Eustachio
  2548 | D:4      | Killed Eustachio
  2548 | D:4      | Reached skill level 5 in Shields
  2548 | D:4      | Reached XP level 6. HP: 16/38 MP: 6/6
  2923 | D:4      | Reached XP level 7. HP: 33/43 MP: 7/7
  3480 | D:5      | Entered Level 5 of the Dungeon
  3480 | D:5      | Noticed Evaline's ghost (amateur TeAE)
  3498 | D:5      | Killed Evaline's ghost
  3570 | D:5      | Reached skill level 5 in Axes
  3570 | D:5      | Reached skill level 6 in Shields
  3784 | D:5      | Reached skill level 5 in Armour
  3784 | D:5      | Reached XP level 8. HP: 38/48 MP: 8/8
  3787 | D:5      | Got a twitching jade ring
  3788 | D:5      | Identified the ring of Videros {Fire Str+4} (You found it on level 5 of the Dungeon)
  3887 | D:5      | Found a staircase to the Ecumenical Temple.
  3903 | Temple   | Entered the Ecumenical Temple
  4158 | Temple   | Became a worshipper of Warmaster Okawaru
  4355 | D:6      | Reached skill level 1 in Evocations
  4399 | D:6      | Engulfed by a cloud of freezing vapour

Skill      XL: |  1  2  3  4  5  6  7  8 |
---------------+-------------------------+-----
Axes           | 2 3 4 5 |  5.5
Shields        | 4 5 6 |  6.3
Armour         | 4 5 |  5.0
Fighting       | 4 |  4.7
Evocations     | 1 |  1.0
Throwing       | |  0.3

Action                   |  1- 3 |  4- 6 |  7- 9 || total
-------------------------+-------+-------+-------++-------
Melee: War axe           |   126 |   219 |   143 ||   488
  Use: Scroll            |     3 |     2 |     8 ||    13
       Potion            |       |     1 |     1 ||     2
 Stab: Invisible         |       |     1 |       ||     1
  Eat: Ration            |       |     2 |     1 ||     3
       Chunk             |       |     1 |     2 ||     3
Armor: Scale mail        |    78 |       |       ||    78
       Plate armour      |       |   284 |    99 ||   383
Dodge: Dodged            |    42 |    49 |    17 ||   108
Block: Shield            |    79 |   198 |    78 ||   355
